 Dungeon Crawl Stone Soup version 0.23-a0-729-g94ec0301e6 (webtiles) character file.

59724 KapersCrawl the Protected (level 14, 0/111 HPs)
             Began as a Gnoll Wanderer on Jan 16, 2019.
             Was a Follower of Uskayaw.
             Slain by a wolf spider (12 damage)
             ... in a Gauntlet on Jan 17, 2019.
             The game lasted 02:39:22 (29990 turns).

KapersCrawl the Protected (Gnoll Wanderer)         Turns: 29990, Time: 02:39:23

Health: 0/111      AC: 11    Str: 18    XL:     14   Next: 96%
Magic:  17/27      EV: 21    Int: 14    God:    Uskayaw [*.....]
Gold:   1409       SH:  8    Dex: 17    Spells: 20/32 levels left

rFire    + . .     SeeInvis +   s - +3 scimitar (flame)
rCold    + . .     Gourm    .   l - +1 buckler
rNeg     . . .     Faith    +   W - +2 leather armour {rC+}
rPois    +         Spirit   .   E - +2 hat {SInv}
rElec    .         Reflect  .   V - scarf {cloud immunity}
rCorr    .         Harm     .   U - +2 pair of gloves
MR       ++...     NoTele   +   (no boots)
Stlth    ++++......             i - amulet of Atho {Faith rPois rF+}
HPRegen  0.28/turn              O - ring of protection from magic
MPRegen  0.20/turn              n - +3 ring of evasion

@: lethally poisoned (0 -> -22), very slightly contaminated
A: distributed training, fangs 1, strong nose
a: Stomp, Renounce Religion


You were in a Gauntlet.
You worshipped Uskayaw.
Uskayaw was aware of your devotion.
You were hungry.

You visited 2 branches of the dungeon, and saw 18 of its levels.
You also visited: Gauntlet and Ice Cave.

You collected 1409 gold pieces.

Inventory:

Hand Weapons
 e - a +0 blowgun
 s - a +3 scimitar of flaming (weapon)
 w - a +0 hunting sling of velocity
Missiles
 a - 40 sling bullets
 r - 12 curare-tipped needles
 A - 31 poisoned needles
 R - 5 javelins of penetration (quivered)
Armour
 l - a +1 buckler (worn)
 E - a +2 hat of see invisible (worn)
 U - a +2 pair of gloves (worn)
 V - a scarf of cloud immunity (worn)
 W - a +2 leather armour of cold resistance (worn)
Magical Staves
 d - an uncursed staff of cold
 q - an uncursed staff of poison
Jewellery
 i - the amulet of Atho (around neck) {Faith rPois rF+}
   (You found it in a Gauntlet)

   [amulet of faith]

   It allows you to gain divine favour quickly.
   It protects you from fire.
   It protects you from poison.
 n - a +3 ring of evasion (right hand)
 O - a ring of protection from magic (left hand)
 Q - an uncursed ring of fire
 T - an uncursed ring of ice
Wands
 c - a wand of clouds (7)
 h - a wand of acid (8)
 x - a wand of polymorph (17)
 I - a wand of digging (19)
 M - a wand of enslavement (3)
 P - a wand of iceblast (32)
 S - a wand of paralysis (8)
Scrolls
 b - a scroll of fog
 m - 12 scrolls of remove curse
 t - 10 scrolls of teleportation
 J - 4 scrolls of enchant weapon
 L - 3 scrolls of immolation
 N - 10 scrolls of identify
 X - 2 scrolls of amnesia
Potions
 j - 2 potions of magic
 k - a potion of haste
 o - 4 potions of lignification
 p - 2 potions of curing
 u - a potion of heal wounds
 v - a potion of ambrosia
 y - 3 potions of agility
 B - 4 potions of flight
 C - 3 potions of might
 G - 2 potions of mutation
 H - a potion of cancellation
 K - a potion of resistance
 Z - 4 potions of brilliance
Miscellaneous
 g - a lightning rod (3/4)
 F - a lightning rod (3/4)
Comestibles
 f - 24 rations


   Skills:
 + Level 10.5 Fighting
 + Level 9.5 Short Blades
 + Level 9.5 Long Blades
 + Level 9.8 Axes
 + Level 9.5 Maces & Flails
 + Level 9.5 Polearms
 + Level 10.5 Staves
 + Level 9.5 Slings
 + Level 9.5 Bows
 + Level 9.5 Crossbows
 + Level 9.5 Throwing
 + Level 10.5 Armour
 + Level 9.5 Dodging
 + Level 10.3 Stealth
 + Level 9.8 Shields
 + Level 9.5 Unarmed Combat
 + Level 9.5 Spellcasting
 + Level 7.9 Conjurations
 + Level 7.9 Hexes
 + Level 7.9 Charms
 + Level 7.9 Summonings
 + Level 7.9 Necromancy
 + Level 7.9 Translocations
 + Level 7.9 Transmutations
 + Level 7.9 Fire Magic
 + Level 7.9 Ice Magic
 + Level 7.9 Air Magic
 + Level 7.9 Earth Magic
 + Level 7.9 Poison Magic
 + Level 10.3 Invocations
 + Level 9.5 Evocations


You had 20 spell levels left.
You knew the following spells:

 Your Spells              Type           Power        Failure   Level  Hunger
a - Ensorcelled Hibernat  Hex/Ice        ####..       1%          2    None
b - Poisonous Vapours     Pois/Air       ####..       1%          2    None
c - Conjure Flame         Conj/Fire      ####....     1%          3    #......
d - Mephitic Cloud        Conj/Pois/Air  ####....     1%          3    #......
e - Throw Frost           Conj/Ice       ####..       1%          2    None

Your spell library contained the following spells:

 Spells                   Type           Power        Failure   Level  Hunger
 Freeze                   Ice            ####         1%          1    None
 Ozocubu's Armour         Chrm/Ice       ####....     1%          3    #......
 Ice Form                 Ice/Tmut       ####....     4%          4    ###....
 Summon Ice Beast         Ice/Summ       ####....     4%          4    ###....
 Throw Icicle             Conj/Ice       ####....     4%          4    ###....
 Borgnjor's Vile Clutch   Necr/Erth      ####......   13%         5    #####..
 Metabolic Englaciation   Hex/Ice        ####......   13%         5    #####..
 Silence                  Hex/Air        ####......   13%         5    #####..
 Bolt of Cold             Conj/Ice       ####......   58%         6    ######.
 Darkness                 Hex            ####......   58%         6    ######.
 Freezing Cloud           Conj/Ice/Air   ####......   58%         6    ######.
 Ozocubu's Refrigeration  Ice            ####......   58%         6    ######.
 Shadow Creatures         Summ           N/A          58%         6    ######.
 Simulacrum               Ice/Necr       ####......   58%         6    ######.
 Ring of Flames           Chrm/Fire      ####......   99%         7    #######


Dungeon Overview and Level Annotations

Branches:
Dungeon (12/15)            Temple (0/1) D:7            Lair (6/6) D:11
  Swamp (0/4) Lair:4        Snake (0/4) Lair:2        Slime (0/5) Lair:5
    Orc (0/2) D:12

Altars:
Dithmenos
Fedhas
Gozag
Hepliaklqana
Nemelex Xobeh
Okawaru
Qazlal
Ru
Trog
Uskayaw
Vehumet
Wu Jian
Xom
Yredelemnul
The Shining One

Shops:
D:11 *

Annotations:
D:3 exclusion: 2 downstairs
D:7 3 runed doors, Brecoman's ghost, novice DrCj
D:8 exclusion: downstairs
Lair:5 1 runed door, 1 exclusion, PeterQ's ghost, journeyman GnEn Gauntlet 7 transporters, 21 runed translucent doors


Innate Abilities, Weirdness & Mutations

Your experience applies equally to all skills.
You have very sharp teeth.
Your uncanny sense of smell can sniff out nearby items.


Message History

* * * LOW HITPOINT WARNING * * *
You are lethally poisoned!
The redback poisons you! The wolf spider completely misses you.
The wolf spider bites you.
* * * LOW HITPOINT WARNING * * *
As you read the scroll of fear, it crumbles to dust.
You assume a fearsome visage.
The redback looks frightened!
* * * LOW HITPOINT WARNING * * *
You feel very sick.
The great orb of eyes turns its gaze towards you.
The redback misses you. The wolf spider barely misses you.
You riposte.
You slash the wolf spider! You burn the wolf spider.
You bite the wolf spider, but do no damage.
The wolf spider is severely wounded.
The wolf spider barely misses you. The redback completely misses you.
The wolf spider barely misses you.
You riposte.
You completely miss the wolf spider. You bite the wolf spider.
The wolf spider is severely wounded.
The wolf spider bites you!
You die...

.#..?)©[...#...#s..[©!"..#..#
.#.#.....#.#...#...#.#...#..#
.#..#####..#...#....#....#..#
.#..##.##..#...#.#..#..#.#..#
.#....©....#...#.#######.#..#
.#..##.##..#...#.#.©#..#.#..#
.#..#####G.#...#.§○.#....#..#
.#.#.....#.#...#s.s###...#..#
.#uG.......#...#@s.......#..#
.###########...###########..#
....#.©.#.........#.©.#.....#
....#...#....⌠....#...#....8#
....#.©.#.........#.©.#.....#
.###########...###########..#
.##.#=©.|..#...#.[..©"...#..#
.#.#(#..#..#...#..#...#..#..#
.##..####.##...#.#######.#..#


You could see a great orb of eyes, a wolf spider (berserk) and 2 redbacks.

Vanquished Creatures
  Harold (D:8)
  The ghost of AIAndy the Blocker, a journeyman GnWn of Gozag (D:11)
  8 hydras
  Erica (D:10)
  3 two-headed ogres
  5 death yaks (Lair:6)
  Urug (D:10)
  Sonja (Lair:2)
  Pikel (D:6)
  A necromancer (IceCv)
  A cyclops (D:11)
  4 ugly things
  6 elephants
  A moth of wrath (Gauntlet)
  An ice statue (IceCv)
  A black mamba (Lair:1)
  2 gargoyles (D:11)
  2 torpor snails
  12 spiny frogs
  2 komodo dragons
  10 freezing wraiths (IceCv)
  2 rime drakes
  5 polar bears (Lair:6)
  A troll (D:12)
  2 hornets (Lair:6)
  A wolf spider simulacrum (IceCv)
  Prince Ribbit (D:8)
  17 blink frogs
  Grinder (D:5)
  2 bog bodies (Lair:4)
  10 dream sheep (Lair:6)
  7 hippogriffs
  Sigmund (D:4)
  12 spriggans (Lair:6)
  29 yaks
  3 wyverns
  A vampire (D:10)
  2 steam dragons
  2 hungry ghosts (D:11)
  A human (D:7)
  4 hogs
  A basilisk (Lair:5)
  Menkaure (D:7)
  5 nagas (Lair:2)
  11 water moccasins
  Edmund (D:5)
  8 porcupines
  An alligator simulacrum (IceCv)
  3 phantoms
  A slave (D:6)
  3 sky beasts
  6 black bears
  3 orc warriors
  16 ice beasts
  4 boggarts (Lair:6)
  6 ogres
  4 centaurs
  21 wolves
  9 crocodiles
  A gnoll sergeant (D:10)
  19 bullfrogs
  4 small abominations (Gauntlet)
  4 scorpions
  An elephant simulacrum (IceCv)
  A killer bee (Lair:1)
  3 wights (D:8)
  2 howler monkeys
  2 electric eels
  A bullfrog zombie (D:6)
  5 crimson imps
  3 centaur zombies
  5 draconian simulacra (IceCv)
  5 hounds
  2 quasits (D:9)
  7 orc priests
  2 jellies
  A gnoll shaman (D:6)
  4 bullfrog skeletons
  Terence (D:2)
  Jessica (D:2)
  3 centaur skeletons
  2 iguanas
  14 orc wizards
  5 hell rats (Lair:6)
  3 spriggan simulacra (IceCv)
  5 worker ants
  3 troll simulacra (IceCv)
  A wolf simulacrum (IceCv)
  4 centaur simulacra (IceCv)
  A bullfrog simulacrum (D:11)
  2 hound skeletons (D:7)
  A howler monkey skeleton (D:7)
  15 adders
  16 gnolls
  2 naga simulacra (IceCv)
  3 ogre simulacra (IceCv)
  6 river rats (Lair:6)
  27 white imps
  A worker ant simulacrum (D:11)
  An ooze (D:7)
  3 adder skeletons
  3 worms
  2 dart slugs (D:1)
  7 leopard geckos
  42 orcs
  4 giant cockroaches
  2 hobgoblins (D:1)
  13 jackals
  7 kobolds
  6 quokkas
  A ball python skeleton (D:5)
  2 bats
  3 frilled lizards
  4 goblins
  A quokka skeleton (D:7)
  11 rats
573 creatures vanquished.

Vanquished Creatures (collateral kills)
  2 elephants (Lair:4)
  A spiny frog (Lair:4)
  A bullfrog (D:9)
4 creatures vanquished.

Vanquished Creatures (others)
  A yak (D:9)
  A slave (D:6)
  A big kobold (D:9)
  10 fungi
  13 plants
26 creatures vanquished.

Grand Total: 603 creatures vanquished

Notes
Turn   | Place    | Note
-------+----------+-------------------------------------------
     0 | D:1      | KapersCrawl the Gnoll Wanderer began the quest for the Orb.
     0 | D:1      | KapersCrawl set off with the following items: a +2 hand
                  | axe, a +0 mace, a +0 ring mail, a +0 dagger, a ration
     0 | D:1      | Reached XP level 1. HP: 20/20 MP: 1/1
   331 | D:1      | Reached XP level 2. HP: 26/26 MP: 2/2
   916 | D:2      | Noticed Terence
  1184 | D:2      | Reached XP level 3. HP: 25/31 MP: 3/3
  1433 | D:2      | Noticed Jessica
  1442 | D:2      | Killed Jessica
  1442 | D:2      | Reached skill level 1 in Short Blades
  1442 | D:2      | Reached skill level 1 in Long Blades
  1442 | D:2      | Reached skill level 1 in Maces & Flails
  1442 | D:2      | Reached skill level 1 in Polearms
  1442 | D:2      | Reached skill level 1 in Slings
  1442 | D:2      | Reached skill level 1 in Bows
  1442 | D:2      | Reached skill level 1 in Crossbows
  1442 | D:2      | Reached skill level 1 in Throwing
  1442 | D:2      | Reached skill level 1 in Dodging
  1442 | D:2      | Reached skill level 1 in Unarmed Combat
  1442 | D:2      | Reached skill level 1 in Spellcasting
  1442 | D:2      | Reached skill level 1 in Invocations
  1442 | D:2      | Reached skill level 1 in Evocations
  1442 | D:2      | Reached XP level 4. HP: 34/38 MP: 3/5
  1642 | D:2      | Found a sparkling altar of Nemelex Xobeh.
  1956 | D:2      | Killed Terence
  1956 | D:2      | Reached skill level 1 in Conjurations
  1956 | D:2      | Reached skill level 1 in Hexes
  1956 | D:2      | Reached skill level 1 in Charms
  1956 | D:2      | Reached skill level 1 in Summonings
  1956 | D:2      | Reached skill level 1 in Necromancy
  1956 | D:2      | Reached skill level 1 in Translocations
  1956 | D:2      | Reached skill level 1 in Transmutations
  1956 | D:2      | Reached skill level 1 in Fire Magic
  1956 | D:2      | Reached skill level 1 in Ice Magic
  1956 | D:2      | Reached skill level 1 in Air Magic
  1956 | D:2      | Reached skill level 1 in Earth Magic
  1956 | D:2      | Reached skill level 1 in Poison Magic
  2400 | D:3      | Found a hide-covered altar of Uskayaw.
  2407 | D:3      | Became a worshipper of Uskayaw the Reveler
  2547 | D:3      | Reached XP level 5. HP: 43/43 MP: 6/6
  2547 | D:3      | Reached * piety under Uskayaw
  3023 | D:3      | Reached ** piety under Uskayaw
  3032 | D:3      | Reached *** piety under Uskayaw
  3528 | D:4      | Noticed an ogre
  3866 | D:4      | Noticed Sigmund
  3881 | D:4      | Reached XP level 6. HP: 37/50 MP: 8/8
  4162 | D:4      | Killed Sigmund
  4162 | D:4      | Reached skill level 5 in Fighting
  4162 | D:4      | Reached skill level 5 in Staves
  4162 | D:4      | Reached skill level 5 in Armour
  4162 | D:4      | Reached XP level 7. HP: 18/56 MP: 8/10
  4673 | D:4      | Found an opulent altar of Gozag.
  4835 | D:4      | Found a glowing golden altar of the Shining One.
  5053 | D:4      | Found an iron altar of Okawaru.
  5173 | D:5      | Entered Level 5 of the Dungeon
  5196 | D:4      | Reached skill level 5 in Stealth
  5474 | D:5      | Noticed Edmund
  5484 | D:5      | Killed Edmund
  5484 | D:5      | Reached XP level 8. HP: 54/63 MP: 12/12
  5855 | D:5      | Noticed Grinder
  5891 | D:5      | Killed Grinder
  6139 | D:5      | Found a sacrificial altar of Ru.
  7016 | D:6      | Noticed Pikel
  7049 | D:6      | Killed Pikel
  7049 | D:6      | Reached XP level 9. HP: 48/69 MP: 14/14
  7380 | D:6      | Found a blossoming altar of Fedhas.
  7425 | D:6      | Reached skill level 5 in Axes
  7425 | D:6      | Reached skill level 5 in Shields
  7425 | D:6      | Reached **** piety under Uskayaw
  7860 | D:6      | Found an ornate altar of the Wu Jian Council.
  8809 | D:7      | Reached skill level 5 in Invocations
  8816 | D:7      | Reached ***** piety under Uskayaw
  8823 | D:7      | Reached XP level 10. HP: 66/77 MP: 15/17
  9033 | D:7      | Noticed Menkaure
  9045 | D:7      | Killed Menkaure
  9178 | D:7      | You fall through a shaft!
  9577 | D:7      | Found a shadowy altar of Dithmenos.
  9577 | D:7      | Found a radiant altar of Vehumet.
  9578 | D:7      | Found a bloodstained altar of Trog.
  9709 | D:7      | Reached skill level 5 in Short Blades
  9709 | D:7      | Reached skill level 5 in Long Blades
  9709 | D:7      | Reached skill level 5 in Maces & Flails
  9709 | D:7      | Reached skill level 5 in Polearms
  9709 | D:7      | Reached skill level 5 in Slings
  9709 | D:7      | Reached skill level 5 in Bows
  9709 | D:7      | Reached skill level 5 in Crossbows
  9709 | D:7      | Reached skill level 5 in Throwing
  9709 | D:7      | Reached skill level 5 in Dodging
  9709 | D:7      | Reached skill level 5 in Unarmed Combat
  9709 | D:7      | Reached skill level 5 in Spellcasting
  9709 | D:7      | Reached skill level 5 in Evocations
  9827 | D:7      | Found a runed gate.
  9827 | D:7      | Found a runed gate.
  9828 | D:7      | Found a runed gate.
  9830 | D:7      | Noticed Brecoman's ghost (novice DrCj)
  9864 | D:7      | Found a staircase to the Ecumenical Temple.
 10118 | D:8      | Found a stormy altar of Qazlal.
 10185 | D:8      | Noticed Harold
 10212 | D:8      | Killed Harold
 10370 | D:8      | Noticed a two-headed ogre
 10481 | D:8      | Killed a two-headed ogre
 10859 | D:8      | Found a hazy altar of Hepliaklqana.
 10860 | D:8      | Found a shimmering altar of Xom.
 10861 | D:8      | Noticed a spectral ugly thing
 10944 | D:8      | Noticed a two-headed ogre
 10948 | D:8      | Noticed Prince Ribbit
 11144 | D:7      | Killed a two-headed ogre
 11441 | D:8      | Killed Prince Ribbit
 11441 | D:8      | Reached XP level 11. HP: 81/84 MP: 19/19
 11633 | D:8      | Found a basalt altar of Yredelemnul.
 12889 | D:9      | Reached skill level 5 in Conjurations
 12889 | D:9      | Reached skill level 5 in Hexes
 12889 | D:9      | Reached skill level 5 in Charms
 12889 | D:9      | Reached skill level 5 in Summonings
 12889 | D:9      | Reached skill level 5 in Necromancy
 12889 | D:9      | Reached skill level 5 in Translocations
 12889 | D:9      | Reached skill level 5 in Transmutations
 12889 | D:9      | Reached skill level 5 in Fire Magic
 12889 | D:9      | Reached skill level 5 in Ice Magic
 12889 | D:9      | Reached skill level 5 in Air Magic
 12889 | D:9      | Reached skill level 5 in Earth Magic
 12889 | D:9      | Reached skill level 5 in Poison Magic
 13199 | D:10     | Entered Level 10 of the Dungeon
 13216 | D:10     | Noticed Urug
 13216 | D:10     | Noticed a two-headed ogre
 13231 | D:10     | Killed Urug
 14015 | D:10     | Noticed Erica
 14038 | D:10     | Killed Erica
 15197 | D:11     | Noticed a cyclops
 15212 | D:11     | Killed a cyclops
 15274 | D:11     | Found a runed gate.
 15274 | D:11     | Found a runed gate.
 15274 | D:11     | Found a runed gate.
 15599 | D:11     | Noticed a brown ugly thing
 15626 | D:11     | HP: 2/86 [acid (9)]
 16054 | D:11     | Reached XP level 12. HP: 73/93 MP: 20/22
 16132 | D:11     | Found a staircase to the Lair.
 16146 | Lair:1   | Entered Level 1 of the Lair of Beasts
 18253 | Lair:2   | Noticed Sonja
 18269 | Lair:2   | Killed Sonja
 18491 | Lair:2   | Noticed a seven-headed hydra
 18501 | Lair:2   | Killed a five-headed hydra
 18680 | Lair:2   | Found a staircase to the Snake Pit.
 18850 | Lair:2   | Noticed a five-headed hydra
 18859 | Lair:2   | Killed a two-headed hydra
 19770 | Lair:3   | Noticed an eight-headed hydra
 19783 | Lair:3   | Killed a two-headed hydra
 20144 | Lair:3   | Learned a level 2 spell: Ensorcelled Hibernation
 20147 | Lair:3   | Learned a level 2 spell: Poisonous Vapours
 20329 | Lair:3   | Reached XP level 13. HP: 101/101 MP: 24/24
 21123 | Lair:4   | Found a staircase to the Swamp.
 22022 | Lair:4   | Learned a level 3 spell: Conjure Flame
 22026 | Lair:4   | Learned a level 3 spell: Mephitic Cloud
 22807 | Lair:5   | Got a twitching wooden ring
 22853 | Lair:5   | Identified the ring "Tecampoc" {*Tele +Blink +Fly rPois
                  | Int-4} (You found it on level 5 of the Lair of Beasts)
 22974 | Lair:5   | Found a staircase to the Slime Pits.
 23117 | Lair:5   | Found a frozen archway.
 23240 | IceCv    | Entered an ice cave
 24158 | IceCv    | Found an ancient bone altar of Kikubaaqudgha.
 24690 | Lair:5   | Reached XP level 14. HP: 90/109 MP: 20/26
 24926 | Lair:5   | Found a runed door.
 24926 | Lair:5   | Noticed PeterQ's ghost (journeyman GnEn)
 24941 | Lair:5   | Identified the +2 trident "Moeps" {freeze, Fragile rC+
                  | Str+5 Int+3}
 25297 | Lair:6   | Entered Level 6 of the Lair of Beasts
 25547 | Lair:6   | Reached skill level 10 in Fighting
 25547 | Lair:6   | Reached skill level 10 in Staves
 25547 | Lair:6   | Reached skill level 10 in Armour
 25677 | Lair:6   | Learned a level 2 spell: Throw Frost
 26264 | Lair:6   | Reached skill level 10 in Stealth
 26780 | Lair:6   | Reached skill level 10 in Invocations
 26797 | Lair:6   | HP: 4/110 [death yak (8)]
 26803 | Lair:6   | HP: 2/110 [death yak (6)]
 27170 | Lair:6   | Upgraded the game from 0.23-a0-714-g00c90a0c22 to
                  | 0.23-a0-729-g94ec0301e6
 27909 | D:11     | Found Pyziegha's Mass Market.
 28092 | D:11     | Noticed AIAndy's ghost (journeyman GnWn)
 28479 | D:11     | Killed AIAndy's ghost
 28937 | D:12     | Found a staircase to the Orcish Mines.
 29331 | D:12     | Found a gate leading to a gauntlet.
 29339 | Gauntlet | Entered a Gauntlet
 29339 | Gauntlet | Found a transporter.
 29339 | Gauntlet | Found a transporter.
 29339 | Gauntlet | Found a large runed translucent door.
 29339 | Gauntlet | Found a large runed translucent door.
 29339 | Gauntlet | Found a large runed translucent door.
 29339 | Gauntlet | Found a large runed translucent door.
 29339 | Gauntlet | Found a runed translucent door.
 29339 | Gauntlet | Found a large runed translucent door.
 29339 | Gauntlet | Found a large runed translucent door.
 29340 | Gauntlet | Found a large runed translucent door.
 29340 | Gauntlet | Found a large runed translucent door.
 29341 | Gauntlet | Found a runed translucent gate.
 29341 | Gauntlet | Found a runed translucent gate.
 29343 | Gauntlet | Found a transporter.
 29343 | Gauntlet | Found a transporter.
 29347 | Gauntlet | Found a transporter.
 29347 | Gauntlet | Found a transporter.
 29363 | Gauntlet | Found a transporter.
 29363 | Gauntlet | Found a transporter.
 29363 | Gauntlet | Found a transporter.
 29363 | Gauntlet | Found a transporter.
 29373 | Gauntlet | Found a transporter.
 29374 | Gauntlet | Found a transporter.
 29419 | Gauntlet | Found a runed translucent gate.
 29420 | Gauntlet | Found a large runed translucent door.
 29420 | Gauntlet | Found a large runed translucent door.
 29421 | Gauntlet | Found a large runed translucent door.
 29422 | Gauntlet | Found a large runed translucent door.
 29423 | Gauntlet | Found a large runed translucent door.
 29423 | Gauntlet | Found a large runed translucent door.
 29423 | Gauntlet | Found a runed translucent door.
 29424 | Gauntlet | Found a large runed translucent door.
 29425 | Gauntlet | Found a large runed translucent door.
 29582 | Gauntlet | Got a slimy platinum amulet
 29584 | Gauntlet | Identified the amulet of Atho {Faith rPois rF+} (You found
                  | it in a Gauntlet)
 29990 | Gauntlet | Slain by a wolf spider

Vault maps used:
D:1:      psy_arrival_radial02
D:2:      mumra_celtic_spiral_tile, nemelex_xobeh_ov_fountains_minmay,
          serial_corexii_hall, corexii_hall_statues_l,
          chequers_hall_statues_wall_a, uniq_terence, uniq_jessica
D:3:      overflow_temple_1_default
D:4:      grunt_gozag_statues, lemuel_round_altar, marbit_many_paths,
          first_ration, minmay_misc_feat_five, minmay_checkerbox, uniq_sigmund
D:5:      lemuel_round_altar, lemuel_flamethrower_2, uniq_grinder, uniq_edmund
D:6:      cheibrodos_iron_armory, kennysheep_mini, fedhas_ov_isle_minmay,
          uniq_pikel
D:7:      gammafunk_temple_overflow_claw, minmay_temple_entry_wispy,
          gammafunk_ghost_nasty_kobolds, grunt_livestock, uniq_menkaure
D:8:      regret_index_temple_of_mockery, lemuel_doored_altar,
          nicolae_qazlal_general_emergency, amethyst_killhole, uniq_harold,
          uniq_prince_ribbit1
D:10:     uniq_erica, uniq_urug
D:11:     lair_entry_dummy, gammafunk_ghost_icy, minmay_shop_mass, st_stairs_10
D:12:     minmay_angry_zag, orc_0_dummy, gauntlet_entry_generic
Lair:2:   minmay_snake_entry_guardpost_medium, nicolae_quartered_pool_medium,
          uniq_sonja
Lair:3:   wander_river, serial_bayou_shore_b
Lair:4:   skrybe_swamp_entry_bodies, beast_lair_carwin_4
Lair:5:   dpeg_slime_entry_corner, portal_ice_cave_entry_imps,
          ebering_ghost_funeral_grove, grunt_megastairs_5
Lair:6:   minmay_lair_end_enchanted_forest, kennysheep_abandoned_house
IceCv:    ice_cave_small_necro
Gauntlet: gammafunk_gauntlet_hard_choice

Skill      XL: |  1  2  3  4  5  6  7  8  9 10 11 12 13 14 |
---------------+-------------------------------------------+-----
Short Blades   | 1 2 3 4 5 6 7 8 9 |  9.5
Long Blades    | 1 2 3 4 5 6 7 8 9 |  9.5
Maces & Flails | 1 2 3 4 5 6 7 8 9 |  9.5
Polearms       | 1 2 3 4 5 6 7 8 9 |  9.5
Slings         | 1 2 3 4 5 6 7 8 9 |  9.5
Bows           | 1 2 3 4 5 6 7 8 9 |  9.5
Crossbows      | 1 2 3 4 5 6 7 8 9 |  9.5
Throwing       | 1 2 3 4 5 6 7 8 9 |  9.5
Dodging        | 1 2 3 4 5 6 7 8 9 |  9.5
Unarmed Combat | 1 2 3 4 5 6 7 8 9 |  9.5
Spellcasting   | 1 2 3 4 5 6 7 8 9 |  9.5
Invocations    | 1 2 3 4 5 6 7 8 9 10 | 10.3
Evocations     | 1 2 3 4 5 6 7 8 9 |  9.5
Conjurations   | 1 2 3 4 5 6 7 |  7.9
Hexes          | 1 2 3 4 5 6 7 |  7.9
Charms         | 1 2 3 4 5 6 7 |  7.9
Summonings     | 1 2 3 4 5 6 7 |  7.9
Necromancy     | 1 2 3 4 5 6 7 |  7.9
Translocations | 1 2 3 4 5 6 7 |  7.9
Transmutations | 1 2 3 4 5 6 7 |  7.9
Fire Magic     | 1 2 3 4 5 6 7 |  7.9
Ice Magic      | 1 2 3 4 5 6 7 |  7.9
Air Magic      | 1 2 3 4 5 6 7 |  7.9
Earth Magic    | 1 2 3 4 5 6 7 |  7.9
Poison Magic   | 1 2 3 4 5 6 7 |  7.9
Axes           | 3 4 5 6 7 8 9 |  9.8
Shields        | 3 4 5 6 7 8 9 |  9.8
Fighting       | 5 6 7 8 9 10 | 10.5
Staves         | 5 6 7 8 9 10 | 10.5
Armour         | 5 6 7 8 9 10 | 10.5
Stealth        | 5 6 7 8 9 10 | 10.3

Action                   |  1- 3 |  4- 6 |  7- 9 | 10-12 | 13-15 || total
-------------------------+-------+-------+-------+-------+-------++-------
Melee: Hand axe          |    32 |   124 |   162 |    39 |       ||   357
       Bite              |     3 |    16 |    41 |    96 |   108 ||   264
       Punch             |       |       |     1 |       |       ||     1
       Flail             |       |       |    16 |    89 |       ||   105
       Whip              |       |       |   106 |   249 |       ||   355
       Scimitar          |       |       |       |   290 |   601 ||   891
       Staff             |       |       |       |       |    93 ||    93
       Broad axe         |       |       |       |       |    25 ||    25
 Fire: Hunting sling     |       |    61 |    68 |   464 |   389 ||   982
       Blowgun           |       |    14 |    11 |    56 |     1 ||    82
       Triple crossbow   |       |     8 |     4 |       |       ||    12
Throw: Tomahawk          |       |       |     3 |    17 |       ||    20
       Stone             |       |       |       |     3 |    21 ||    24
       Javelin           |       |       |       |       |     6 ||     6
 Cast: Conjure Flame     |       |       |       |       |   100 ||   100
       Poisonous Vapours |       |       |       |       |    10 ||    10
       Ensorcelled Hiber |       |       |       |       |     2 ||     2
       Throw Frost       |       |       |       |       |    42 ||    42
Invok: Stomp             |       |     1 |     5 |    16 |     9 ||    31
       Line Pass         |       |       |     1 |       |     3 ||     4
Evoke: Wand              |       |       |       |    13 |     2 ||    15
       Lightning rod     |       |       |       |     2 |     2 ||     4
  Use: Scroll            |       |     5 |     2 |    13 |    20 ||    40
       Potion            |       |     1 |     2 |     3 |    10 ||    16
 Stab: Sleeping          |     2 |       |       |       |     3 ||     5
       Paralysed         |       |     1 |    13 |    37 |    38 ||    89
       Confused          |       |       |     1 |       |       ||     1
       Distracted        |       |       |       |       |     2 ||     2
  Eat: Chunk             |     1 |     6 |     9 |    28 |    25 ||    69
       Ration            |       |     1 |     2 |     3 |     3 ||     9
Armor: Ring mail         |    12 |     1 |       |       |       ||    13
       Chain mail        |       |    74 |    64 |       |       ||   138
       Skin              |       |     3 |       |       |    25 ||    28
       Plate armour      |       |       |    57 |   279 |    23 ||   359
       Leather armour    |       |       |       |       |   154 ||   154
Dodge: Dodged            |     5 |    78 |   123 |   327 |   633 ||  1166
Block: Buckler           |       |       |    33 |   200 |   322 ||   555
       Rpst.: Scimitar   |       |       |       |    48 |   103 ||   151

Table legend:
 A = Non-vault XP
 B = Vault XP
 C = Vault XP percentage of total XP
 D = Non-vault monster count
 E = Vault monster count
 F = Vault count percentage of total count
                 A         B        C        D         E       F
            +---------+---------+-------+---------+---------+-------
      Total |   54111 |   31209 |  36.6 |     390 |     188 |  32.5
            +---------+---------+-------+---------+---------+-------
        D:1 |      20 |       0 |   0.0 |       8 |       0 |   0.0
        D:2 |      46 |      75 |  62.0 |      10 |       2 |  16.7
        D:3 |     118 |       0 |   0.0 |      22 |       0 |   0.0
        D:4 |     477 |     271 |  36.2 |      22 |       5 |  18.5
        D:5 |     420 |     407 |  49.2 |      10 |       2 |  16.7
        D:6 |     988 |    1033 |  51.1 |      16 |       3 |  15.8
        D:7 |    2078 |     743 |  26.3 |      33 |       4 |  10.8
        D:8 |    1515 |    1296 |  46.1 |      21 |       2 |   8.7
        D:9 |    2368 |       0 |   0.0 |      52 |       0 |   0.0
       D:10 |    1191 |    1371 |  53.5 |      15 |       2 |  11.8
       D:11 |    5593 |    2474 |  30.7 |      38 |      12 |  24.0
       D:12 |    2784 |       0 |   0.0 |      14 |       0 |   0.0
     Lair:1 |    3933 |      59 |   1.5 |      17 |       1 |   5.6
     Lair:2 |    3204 |    1607 |  33.4 |      12 |       6 |  33.3
     Lair:3 |    5417 |       0 |   0.0 |      28 |       0 |   0.0
     Lair:4 |    4018 |    4224 |  51.2 |      13 |      12 |  48.0
     Lair:5 |    9115 |     120 |   1.3 |      29 |      12 |  29.3
     Lair:6 |   10826 |    8949 |  45.3 |      30 |      64 |  68.1
      IceCv |       0 |    6480 | 100.0 |       0 |      54 | 100.0
   Gauntlet |       0 |    2100 | 100.0 |       0 |       7 | 100.0
            +---------+---------+-------+---------+---------+-------
